 Dungeon Crawl Stone Soup version 0.25.0-26-g0c896c7088 (webtiles) character file.

Game seed: 1403056699998915129

136 Metae the Skirmisher (level 5, -1/48 HPs)
             Began as a Hill Orc Fighter on July 5, 2020.
             Slain by an orc priest (2 damage)
             ... on level 3 of the Dungeon.
             The game lasted 00:15:15 (2484 turns).

Metae the Skirmisher (Hill Orc Fighter)             Turns: 2484, Time: 00:15:16

Health: -1/48      AC:  7    Str: 20    XL:     5   Next: 19%
Magic:  5/5        EV:  7    Int:  8    God:
Gold:   136        SH:  9    Dex: 10    Spells: 4/4 levels left

rFire    . . .     SeeInvis .   a - +0 war axe
rCold    . . .     Gourm    .   c - +0 kite shield
rNeg     . . .     Faith    .   b - +0 scale mail
rPois    .         Spirit   .   (no helmet)
rElec    .         Reflect  .   (no cloak)
rCorr    .         Harm     .   (no gloves)
MR       .....                  (no boots)
Stlth    ..........             (no amulet)
HPRegen  0.16/turn              (no ring)
MPRegen  0.09/turn              (no ring)

@: mighty
A: no striking features
a: Convert to Beogh


You were on level 3 of the Dungeon.
You were hungry.

You visited 1 branch of the dungeon, and saw 3 of its levels.

You collected 136 gold pieces.

Inventory:

Hand Weapons
 a - a +0 war axe (weapon)
 i - a +0 hunting sling
 t - a +0 hand axe
Missiles
 j - 146 stones (quivered)
 m - 2 throwing nets
 p - 26 sling bullets
Armour
 b - a +0 scale mail (worn)
 c - a +0 kite shield (worn)
 s - a +0 chain mail
 v - a cursed +0 ring mail
Wands
 n - a wand of polymorph (8)
Scrolls
 e - 2 scrolls of teleportation
 g - a scroll of fear {unknown}
 k - a scroll of identify
 r - a scroll of magic mapping {unknown}
Potions
 d - 2 potions of might
 h - a potion of degeneration {unknown}
 l - a potion of stabbing {unknown}
 o - a potion of mutation {unknown}
 q - 2 potions of heal wounds
 u - a potion of curing {unknown}
 w - a potion of lignification {unknown}
Comestibles
 f - 5 rations


   Skills:
 * Level 5.4 Fighting
 + Level 4.0 Axes
 + Level 0.4 Throwing
 + Level 4.1 Armour
 - Level 3.2 Shields
 + Level 0.6 Evocations


You had 4 spell levels left.
You didn't know any spells.
Your spell library was empty.

Dungeon Overview and Level Annotations

Branches:
Dungeon (3/15)

Altars:
Ashenzari
Nemelex Xobeh
Okawaru


Message History

You feel very mighty all of a sudden. The orc hits you but does no damage.
The orc priest hits you but does no damage.
You barely miss the orc. You hit the orc priest.
The orc hits you but does no damage.
The orc priest mumbles some strange prayers to Beogh against you.
Pain shoots through your body!
* * * LOW HITPOINT WARNING * * *
Your shield prevents you from hitting the orc priest.
The orc priest is moderately wounded.
You closely miss the orc. The orc hits you with a +0 dagger.
* * * LOW HITPOINT WARNING * * *
The orc priest hits you but does no damage.
You block the orc's attack.
You hit the orc but do no damage. You barely miss the orc priest.
The orc priest threatens, "By the altar or by the axe, you will meet Beogh!"
The orc priest hits you.
* * * LOW HITPOINT WARNING * * *
The orc misses you. The orc priest hits you.
You die...

..#.###
..................#
###..
###...............# #+#
................)#
#####.#####.).....# #.
#.......# ####.
#.......# #.. #........
..h.......##o#####
#........
..........##@oo..#
########.
..........######.#######
#..
l.........#............#
#..
..........#...h........#
#.#
.......h..#............#
#>#
..........#............#
#.#
.........h.o...........#
#.#
.o######.##............#
#.#
#.##............####.#


You could see an orc priest and 2 orcs.

Vanquished Creatures
  An orc priest (D:3)
  An orc wizard (D:3)
  2 adders
  An ooze (D:1)
  A worm (D:3)
  2 dart slugs
  2 leopard geckos
  4 orcs (D:3)
  5 giant cockroaches
  2 goblins (D:1)
  2 hobgoblins
  3 jackals (D:3)
  5 kobolds
  A quokka (D:3)
  5 bats
  4 frilled lizards
  8 rats
49 creatures vanquished.

Notes
Turn   | Place    | Note
-------+----------+-------------------------------------------
     0 | D:1      | Metae the Hill Orc Fighter began the quest for the Orb.
     0 | D:1      | Reached XP level 1. HP: 19/19 MP: 1/1
   174 | D:1      | Reached skill level 4 in Fighting
   174 | D:1      | Reached XP level 2. HP: 27/27 MP: 2/2
   716 | D:1      | Reached XP level 3. HP: 34/34 MP: 3/3
  1171 | D:2      | Found a shattered altar of Ashenzari.
  1271 | D:2      | Found a sparkling altar of Nemelex Xobeh.
  1326 | D:2      | Found an iron altar of Okawaru.
  1875 | D:3      | Reached skill level 5 in Fighting
  1875 | D:3      | Reached XP level 4. HP: 42/42 MP: 4/4
  2480 | D:3      | Reached XP level 5. HP: 14/48 MP: 5/5
  2484 | D:3      | HP: 1/48 [orc priest (4)]
  2484 | D:3      | Slain by an orc priest

Illustrated notes

Levels and vault maps discovered:
D:1:      dpeg_arrival_erosion, layout_loops_cross, minmay_misc_feat_cross
D:2:      layout_basic, okawaru_ov_weapons_minmay, nicolae_ashenzari_panopticon,
          nemelex_diamond_rough_becter
D:3:      layout_basic, first_ration

Skill      XL: |  1  2  3  4 |
---------------+-------------+-----
Fighting       | 4 5 |  5.4
Axes           | 3 4 |  4.0
Armour         | 4 |  4.1
Throwing       | |  0.4
Shields        | |  3.2
Evocations     | |  0.6

Action                   |  1- 3 |  4- 6 || total
-------------------------+-------+-------++-------
Melee: War axe           |    85 |    67 ||   152
  Use: Scroll            |     2 |     1 ||     3
       Potion            |       |     1 ||     1
  Eat: Ration            |     1 |       ||     1
       Chunk             |       |     1 ||     1
Armor: Scale mail        |    53 |    39 ||    92
Dodge: Dodged            |    25 |    22 ||    47
Block: Kite shield       |    53 |    35 ||    88
